3AAA
SIOUX FALLS RED PANDAS @ ALASKAN HUMPBACKS
06/15/2025
 
TOP OF THE 1ST
Sioux Falls Red Pandas batting - Pitching for Alaskan Humpbacks : RHP Colijn de Goedere
Pitching: RHP Colijn de Goedere
Batting: SHB Juan Ortega 0-0: Ball
1-0: Called Strike
1-1: Foul Ball, location: 2F
1-2: Ball
2-2: Foul Ball, location: 2F
2-2: Strikes out looking
Batting: RHB Jesús Vásquez 0-0: Called Strike
0-1: Swinging Strike
0-2: Fly out, F8 (Flyball, 89M)
Batting: LHB Armando Becerra 0-0: Ball
1-0: Called Strike
1-1: Swinging Strike
1-2: SINGLE (Groundball, 4MD)
Batting: RHB Jim Unknown 0-0: Fly out, F8 (Flyball, 8RM)
Top of the 1st over - 0 run(s), 1 hit(s), 0 error(s), 1 left on base; Sioux Falls 0 - Alaskan 0
BOTTOM OF THE 1ST
Alaskan Humpbacks batting - Pitching for Sioux Falls Red Pandas : RHP Anthony Hanover
Pitching: RHP Anthony Hanover
Batting: LHB Bryan Gregg 0-0: Called Strike
0-1: Ball
1-1: Ball
2-1: Called Strike
2-2: Foul Ball, location: 2F
2-2: Foul Ball, location: 2F
2-2: Ball
3-2: Ground out 6-3 (Groundball, 6M)
Batting: RHB Jorge Rivera 0-0: Called Strike
0-1: Ball
1-1: Foul Ball, location: 2F
1-2: Fly out, F7 (Flyball, 7)
Batting: RHB Dave O'Day 0-0: Ball
1-0: Fly out, F7 (Flyball, 7S)
Bottom of the 1st over - 0 run(s), 0 hit(s), 0 error(s), 0 left on base; Sioux Falls 0 - Alaskan 0
TOP OF THE 2ND
Sioux Falls Red Pandas batting - Pitching for Alaskan Humpbacks : RHP Colijn de Goedere
Batting: LHB Magali Lenidas 0-0: Foul Ball, location: 2F
0-1: Foul Ball, location: 2F
0-2: Strikes out swinging
Batting: RHB Miguel Rodríguez 0-0: Ball
1-0: Called Strike
1-1: Ball
2-1: Foul Ball, location: 2F
2-2: Ball
3-2: Foul Ball, location: 2F
3-2: Foul Ball, location: 2F
3-2: Base on Balls
Batting: LHB José Pacheco 0-0: Fly out, F6 (Line Drive, 6)
Batting: LHB Frank Wentworth 0-0: Called Strike
0-1: Fly out, F6 (Line Drive, 6M)
Top of the 2nd over - 0 run(s), 0 hit(s), 0 error(s), 1 left on base; Sioux Falls 0 - Alaskan 0
BOTTOM OF THE 2ND
Alaskan Humpbacks batting - Pitching for Sioux Falls Red Pandas : RHP Anthony Hanover
Batting: LHB Tom Benjamin 0-0: SINGLE (Groundball, 6MD)
Batting: RHB Ramón Valdéz 0-0: SINGLE (Line Drive, 56D)
Tom Benjamin to second
Batting: LHB Ray Merrill 0-0: Fly out, F7 (Flyball, 78M)
Batting: RHB Román Centena 0-0: Ball
1-0: Fly out, F9 (Flyball, 89M)
Batting: SHB Francisco Reyes 0-0: Called Strike
0-1: Ball
1-1: Ball
2-1: Ball
3-1: Base on Balls
Tom Benjamin to third
Ramón Valdéz to second
Batting: RHB Adrian Barr 0-0: Ball
1-0: Foul Ball, location: 2F
1-1: Foul Ball, location: 2F
1-2: Foul Ball, location: 2F
1-2: Fielders Choice at 2nd, 5-4 (Groundball, 56)
Bottom of the 2nd over - 0 run(s), 2 hit(s), 0 error(s), 2 left on base; Sioux Falls 0 - Alaskan 0
TOP OF THE 3RD
Sioux Falls Red Pandas batting - Pitching for Alaskan Humpbacks : RHP Colijn de Goedere
Batting: LHB Steve Riggs 0-0: Swinging Strike
0-1: Called Strike
0-2: Ball
1-2: Foul Ball, location: 2F
1-2: DOUBLE (Flyball, 8LXD)
Batting: SHB Juan Ortega 0-0: Called Strike
0-1: SINGLE (Line Drive, 34D)
Steve Riggs to third
Batting: RHB Jesús Vásquez 0-0: Called Strike
0-1: Ball
1-1: Swinging Strike
1-2: Ball
2-2: Foul Ball, location: 2F
2-2: Foul Ball, location: 2F
2-2: Ball
3-2: Ground out 5-3 (Groundball, 5S)
Steve Riggs scores
Juan Ortega to second
Batting: LHB Armando Becerra 0-0: SINGLE (Flyball, 78S)
Juan Ortega to third
Runner from 3rd tries for Home, throw and OUT!
Batting: RHB Jim Unknown 0-0: Fielders Choice at 2nd, 6-4 (Groundball, 6)
Top of the 3rd over - 1 run(s), 3 hit(s), 0 error(s), 0 left on base; Sioux Falls 1 - Alaskan 0
BOTTOM OF THE 3RD
Alaskan Humpbacks batting - Pitching for Sioux Falls Red Pandas : RHP Anthony Hanover
Batting: LHB Bryan Gregg 0-0: Fly out, F7 (Flyball, 7)
Batting: RHB Jorge Rivera 0-0: Ground out 6-3 (Groundball, 6)
Batting: RHB Dave O'Day 0-0: Ground out 6-3 (Groundball, 6)
Bottom of the 3rd over - 0 run(s), 0 hit(s), 0 error(s), 0 left on base; Sioux Falls 1 - Alaskan 0
TOP OF THE 4TH
Sioux Falls Red Pandas batting - Pitching for Alaskan Humpbacks : RHP Colijn de Goedere
Batting: LHB Magali Lenidas 0-0: Foul Ball, location: 2F
0-1: Swinging Strike
0-2: Ball
1-2: Ball
2-2: Ball
3-2: Foul Ball, location: 2F
3-2: Foul Ball, location: 2F
3-2: Ground out 4-3 (Groundball, 4)
Batting: RHB Miguel Rodríguez 0-0: Foul Ball, location: 2F
0-1: Ball
1-1: Ball
2-1: DOUBLE (Line Drive, 7LD)
Batting: LHB José Pacheco 0-0: Ball
1-0: Foul Ball, location: 2F
1-1: Ball
2-1: Ball
3-1: Base on Balls
Batting: LHB Frank Wentworth 0-0: Ball
1-0: Fly out, F7 (Flyball, 78M)
Batting: LHB Steve Riggs 0-0: Ball
1-0: Foul Ball, location: 2F
1-1: Ball
2-1: Ball
3-1: Base on Balls
Miguel Rodríguez to third
José Pacheco to second
Batting: SHB Juan Ortega 0-0: Ball
1-0: Called Strike
1-1: Foul Ball, location: 2F
1-2: Fly out, F7 (Flyball, 7S)
Top of the 4th over - 0 run(s), 1 hit(s), 0 error(s), 3 left on base; Sioux Falls 1 - Alaskan 0
BOTTOM OF THE 4TH
Alaskan Humpbacks batting - Pitching for Sioux Falls Red Pandas : RHP Anthony Hanover
Batting: LHB Tom Benjamin 0-0: Foul Ball, location: 2F
0-1: Ball
1-1: Ball
2-1: Ground out 4-3 (Groundball, 4)
Batting: RHB Ramón Valdéz 0-0: Ball
1-0: Called Strike
1-1: Ball
2-1: Ball
3-1: Ground out 5-3 (Groundball, 56)
Batting: LHB Ray Merrill 0-0: Ball
1-0: Foul Ball, location: 2F
1-1: Foul Ball, location: 2F
1-2: Foul Ball, location: 2F
1-2: Ground out 4-3 (Groundball, 4)
Bottom of the 4th over - 0 run(s), 0 hit(s), 0 error(s), 0 left on base; Sioux Falls 1 - Alaskan 0
TOP OF THE 5TH
Sioux Falls Red Pandas batting - Pitching for Alaskan Humpbacks : RHP Colijn de Goedere
Batting: RHB Jesús Vásquez 0-0: Ball
1-0: Ball
2-0: Foul Ball, location: 2F
2-1: DOUBLE (Flyball, 89M)
Batting: LHB Armando Becerra 0-0: Intentional Walk
Batting: RHB Jim Unknown 0-0: Fly out, F9 (Flyball, 9LS)
Batting: LHB Magali Lenidas 0-0: Called Strike
0-1: Called Strike
0-2: DOUBLE (Line Drive, 9LM)
Jesús Vásquez scores
Armando Becerra to third
Runner from 3rd tries for Home, SAFE, no throw
Pitching: RHP Wing-tat Ke
Batting: RHB Miguel Rodríguez 0-0: Ball
1-0: Ground out 6-3 (Groundball, 56)
Batting: LHB José Pacheco 0-0: Fly out, F6 (Popup, 6D)
Top of the 5th over - 2 run(s), 2 hit(s), 0 error(s), 1 left on base; Sioux Falls 3 - Alaskan 0
BOTTOM OF THE 5TH
Alaskan Humpbacks batting - Pitching for Sioux Falls Red Pandas : RHP Anthony Hanover
Batting: RHB Román Centena 0-0: Called Strike
0-1: Foul Ball, location: 2F
0-2: Ball
1-2: Fly out, F9 (Flyball, 89XD)
Batting: SHB Francisco Reyes 0-0: Called Strike
0-1: Foul Ball, location: 2F
0-2: Ground out 5-3 (Groundball, 56S)
Batting: RHB Adrian Barr 0-0: Ball
1-0: Ball
2-0: Ball
3-0: Called Strike
3-1: Foul Ball, location: 2F
3-2: SINGLE (Groundball, 56D)
Batting: LHB Bryan Gregg 0-0: Ball
1-0: Fielders Choice at 2nd, 4-6 (Groundball, 34)
Bottom of the 5th over - 0 run(s), 1 hit(s), 0 error(s), 0 left on base; Sioux Falls 3 - Alaskan 0
TOP OF THE 6TH
Sioux Falls Red Pandas batting - Pitching for Alaskan Humpbacks : RHP Wing-tat Ke
Batting: LHB Frank Wentworth 0-0: Called Strike
0-1: Foul Ball, location: 2F
0-2: Strikes out swinging
Batting: LHB Steve Riggs 0-0: Ball
1-0: Foul Ball, location: 2F
1-1: Ball
2-1: Foul Ball, location: 2F
2-2: Strikes out swinging
Batting: SHB Juan Ortega 0-0: Fly out, F8 (Flyball, 78M)
Top of the 6th over - 0 run(s), 0 hit(s), 0 error(s), 0 left on base; Sioux Falls 3 - Alaskan 0
BOTTOM OF THE 6TH
Alaskan Humpbacks batting - Pitching for Sioux Falls Red Pandas : RHP Anthony Hanover
Pitching: RHP Dave Goode
Batting: RHB Jorge Rivera 0-0: Ball
1-0: DOUBLE (Groundball, 5L)
Batting: RHB Dave O'Day 0-0: Ball
1-0: Ball
2-0: Ball
3-0: Called Strike
3-1: Base on Balls
Batting: LHB Tom Benjamin 0-0: Ball
1-0: Foul Ball, location: 2F
1-1: Ball
2-1: Swinging Strike
2-2: Foul Ball, location: 2F
2-2: Foul Ball, location: 2F
2-2: Ball
3-2: Fly out, F6 (Popup, 6)
Batting: RHB Ramón Valdéz 0-0: Ball
1-0: Fly out, F8 (Flyball, 8LM)
Batting: LHB Ray Merrill 0-0: Foul Ball, location: 2F
0-1: Ball
1-1: Ball
2-1: Swinging Strike
2-2: Strikes out swinging
Bottom of the 6th over - 0 run(s), 1 hit(s), 0 error(s), 2 left on base; Sioux Falls 3 - Alaskan 0
TOP OF THE 7TH
Sioux Falls Red Pandas batting - Pitching for Alaskan Humpbacks : RHP Wing-tat Ke
Batting: RHB Jesús Vásquez 0-0: Ball
1-0: Ground out 6-3 (Groundball, 6)
Batting: LHB Armando Becerra 0-0: Called Strike
0-1: Ball
1-1: Ground out U3 (Groundball, 34S)
Batting: RHB Jim Unknown 0-0: Ball
1-0: Swinging Strike
1-1: Ball
2-1: Swinging Strike
2-2: Foul Ball, location: 2F
2-2: Foul Ball, location: 2F
2-2: Hit by Pitch
Batting: LHB Magali Lenidas 0-0: Swinging Strike
0-1: Hit by Pitch
Jim Unknown to second
Batting: RHB Miguel Rodríguez 0-0: SINGLE (Line Drive, 4MD)
Jim Unknown to third
Magali Lenidas to second
Runner from 3rd tries for Home, throw and OUT!
Top of the 7th over - 0 run(s), 1 hit(s), 0 error(s), 2 left on base; Sioux Falls 3 - Alaskan 0
BOTTOM OF THE 7TH
Alaskan Humpbacks batting - Pitching for Sioux Falls Red Pandas : RHP Dave Goode
Batting: RHB Román Centena 0-0: Foul Ball, location: 2F
0-1: Swinging Strike
0-2: Foul Ball, location: 2F
0-2: Strikes out looking
Batting: SHB Francisco Reyes 0-0: Swinging Strike
0-1: Called Strike
0-2: Ball
1-2: Foul Ball, location: 2F
1-2: Ball
2-2: Ball
3-2: SINGLE (Flyball, 78S)
Batting: RHB Adrian Barr 0-0: Called Strike
0-1: Ball
1-1: Ball
2-1: Called Strike
Francisco Reyes is caught stealing 2nd base
2-2: SINGLE (Groundball, 4MD)
Batting: LHB Bryan Gregg 0-0: Swinging Strike
0-1: Called Strike
0-2: Strikes out looking
Bottom of the 7th over - 0 run(s), 2 hit(s), 0 error(s), 1 left on base; Sioux Falls 3 - Alaskan 0
TOP OF THE 8TH
Sioux Falls Red Pandas batting - Pitching for Alaskan Humpbacks : RHP Wing-tat Ke
Batting: LHB José Pacheco 0-0: Foul Ball, location: 2F
0-1: Foul Ball, location: 2F
0-2: Ball
1-2: Ground out 4-3 (Groundball, 4MS)
Batting: LHB Frank Wentworth 0-0: Ball
1-0: Ball
2-0: Ball
3-0: Base on Balls
Batting: LHB Steve Riggs 0-0: Called Strike
0-1: Ball
1-1: Grounds into double play, 6-4-3 (Groundball, 6)
Top of the 8th over - 0 run(s), 0 hit(s), 0 error(s), 0 left on base; Sioux Falls 3 - Alaskan 0
BOTTOM OF THE 8TH
Alaskan Humpbacks batting - Pitching for Sioux Falls Red Pandas : RHP Dave Goode
Batting: RHB Jorge Rivera 0-0: Called Strike
0-1: Ball
1-1: Foul Ball, location: 2F
1-2: Ball
2-2: Ball
3-2: Strikes out swinging
Batting: RHB Dave O'Day 0-0: Fly out, F8 (Line Drive, 8RM)
Batting: LHB Tom Benjamin 0-0: Ball
1-0: Foul Ball, location: 2F
1-1: Fly out, F4 (Popup, 4D)
Bottom of the 8th over - 0 run(s), 0 hit(s), 0 error(s), 0 left on base; Sioux Falls 3 - Alaskan 0
TOP OF THE 9TH
Sioux Falls Red Pandas batting - Pitching for Alaskan Humpbacks : RHP Wing-tat Ke
Pitching: RHP Jim Unknown
Batting: SHB Juan Ortega 0-0: Ground out 3-1 (Groundball, 34)
Batting: RHB Jesús Vásquez 0-0: Ball
1-0: Foul Ball, location: 2F
1-1: Swinging Strike
1-2: Strikes out swinging
Batting: LHB Armando Becerra 0-0: Called Strike
0-1: Foul Ball, location: 2F
0-2: Ball
1-2: Foul Ball, location: 2F
1-2: Foul Ball, location: 2F
1-2: Foul Ball, location: 2F
1-2: SINGLE (Groundball, 34D)
Batting: RHB Jim Unknown 0-0: Swinging Strike
0-1: Ball
1-1: Ball
2-1: Swinging Strike
2-2: Fielders Choice at 2nd, 4-6 (Groundball, 4)
Top of the 9th over - 0 run(s), 1 hit(s), 0 error(s), 0 left on base; Sioux Falls 3 - Alaskan 0
BOTTOM OF THE 9TH
Alaskan Humpbacks batting - Pitching for Sioux Falls Red Pandas : RHP Dave Goode
Pitching: RHP Frank Walker
Batting: RHB Ramón Valdéz 0-0: Called Strike
0-1: Ball
1-1: Ball
2-1: Foul Ball, location: 2F
2-2: Strikes out swinging passed ball, reaches first!
Batting: LHB Ray Merrill 0-0: Called Strike
0-1: Ball
1-1: Ground out 4-3 (Groundball, 34)
Ramón Valdéz to second
Batting: RHB Román Centena 0-0: Ball
1-0: Fly out, F8 (Flyball, 8LS)
Batting: SHB Francisco Reyes 0-0: Foul Ball, location: 2F
0-1: Fly out, F9 (Flyball, 9)
Bottom of the 9th over - 0 run(s), 0 hit(s), 0 error(s), 1 left on base; Sioux Falls 3 - Alaskan 0
Friday, December 30th, 2016 - OOTP Baseball 17.12 Build 75